 Dungeon Crawl Stone Soup version 0.31.0-11-ge490571c62 (webtiles) character file.

Game seed: 8494430628313086372

689 qw the Skirmisher (level 7, -2/40 HPs)
             Began as a Deep Elf Hunter on Feb 3, 2024.
             Slain by Ijyb
             ... wielding a +0 dagger
              (3 damage)
             ... on level 4 of the Dungeon.
             The game lasted 00:00:53 (2254 turns).

qw the Skirmisher (Deep Elf Hunter)                 Turns: 2254, Time: 00:00:53

Health: -2/40      AC:  5    Str: 10    XL:     7   Next: 36%
Magic:  9/9        EV: 12    Int: 14    God:
Gold:   195        SH:  0    Dex: 18    Spells: 6/6 levels left

rFire   . . .        a - +1 shortbow
rCold   . . .        (shield currently unavailable)
rNeg    . . .        d - +0 ring mail
rPois   .            (no helmet)
rElec   .            (no cloak)
rCorr   .            (no gloves)
SInv    .            (no boots)
Will    .....        e - amulet of the acrobat
Stlth   +            (no ring)
HPRegen 0.26/turn    (no ring)
MPRegen 0.11/turn

%: acrobat
@: lethally poisoned (-2 -> -4), about to teleport
A: no striking features
a: no special abilities


You were on level 4 of the Dungeon.
You visited 1 branch of the dungeon, and saw 5 of its levels.

You collected 195 gold pieces.


   Skills:
 - Level 2.0 Fighting
 + Level 10.9 Ranged Weapons
 - Level 4.5 Dodging
 - Level 1.2 Stealth


You had 6 spell levels left.
You didn't know any spells.
Your spell library was empty.

Inventory:

Hand Weapons
 a - a +1 shortbow (weapon)
Armour
 d - a +0 ring mail (worn)
 f - the +1 robe of the Doomed God {Harm rElec rF- Regen+}
   (You found it on level 2 of the Dungeon)

   rF-:       It makes you vulnerable to fire.
   rElec:     It insulates you from electricity.
   Regen+:    It increases your rate of health regeneration.
   Harm:      It increases damage dealt and taken.
Jewellery
 e - an amulet of the acrobat (around neck)
Potions
 c - a potion of brilliance {unknown}
 i - a potion of might {unknown}
 j - a potion of cancellation {unknown}

Dungeon Overview and Level Annotations

Branches:
Dungeon (5/15)
 Temple: D:4-7

Altars:
Ashenzari

Annotations:
D:4 Edmund, Ijyb


Message History

You feel much better. The ball python bites you.
The ball python constricts you. The endoplasm freezes you.
You are frozen.
Edmund hits you but does no damage.
You shoot an arrow. The arrow hits the ball python!
You kill the ball python!
The endoplasm barely misses you. Edmund hits you with a +3 flail.
You shoot an arrow. The arrow barely misses Edmund.
Your surroundings suddenly seem different.
Ijyb and 2 adders come into view.
Ijyb is wielding a +0 dagger and carrying a wand of acid.
Found a book of Frost.
The adder hisses angrily.
Ijyb shouts!
The adder closely misses you.
Ijyb zaps a wand.
The bolt of acid hits you!
You shoot an arrow. The arrow hits the adder!
The adder is almost dead.
The adder bites you. The adder barely misses you.
You shoot an arrow. The arrow misses the adder.
The arrow hits the adder.
The adder is moderately wounded.
The adder bites you.
Ijyb zaps a wand.
The bolt of acid misses you.
You shoot an arrow. The arrow hits the adder.
You kill the adder!
Ijyb zaps a wand.
The bolt of acid misses you.
You shoot an arrow. The arrow hits Ijyb.
Ijyb is lightly wounded.
The adder bites you.
You are poisoned.
The adder poisons you! Ijyb barely misses you.
2251 ||| READING scroll of teleportation.
As you read the scroll of teleportation, it crumbles to dust.
You feel strangely unstable.
You feel sick. The adder completely misses you. Ijyb hits you with a +0 dagger.
You shoot an arrow. The arrow hits the adder!
You kill the adder!
You feel sick.
Ijyb zaps a wand.
The bolt of acid misses you.
You shoot an arrow. The arrow barely misses Ijyb.
You shoot an arrow. The arrow hits Ijyb.
Ijyb is moderately wounded.
You feel sick. Ijyb hits you with a +0 dagger.
You die...

#. ...
####.#....
##..#.#....
..........
##.........
#..........
#...g......
#@%.....#
#........#
#.......##
#........#
##:......#
#........
##.......
##....#


You could see Ijyb.

Vanquished Creatures
  Sigmund (D:2)
  A water moccasin (D:5)
  A scorpion (D:5)
  A bombardier beetle (D:5)
  6 hounds
  A jelly (D:5)
  5 adders
  3 dart slugs
  6 ribbon worms
  3 orcs (D:2)
  3 ball pythons
  6 bats
  7 endoplasms
  2 giant cockroaches
  2 goblins
  4 hobgoblins
  7 kobolds
  A quokka (D:2)
  A frilled lizard (D:1)
  2 rats
63 creatures vanquished.

Notes
Turn   | Place    | Note
-------+----------+-------------------------------------------
     0 | D:1      | qw the Deep Elf Hunter began the quest for the Orb.
     0 | D:1      | Reached XP level 1. HP: 12/12 MP: 3/3
     0 | D:1      | 0 ||| qw: Version: 0.3-a-155-g5e7d8dd
     0 | D:1      | 0 ||| qw: Game counter: 3199
     0 | D:1      | 0 ||| qw: Melee chars always use a shield: true
     0 | D:1      | 0 ||| qw: God list: Okawaru
     0 | D:1      | 0 ||| qw: Allow faded altars: false
     0 | D:1      | 0 ||| qw: Do Orc after clearing Dungeon:15 true
     0 | D:1      | 0 ||| qw: Do second Lair branch before Depths: true
     0 | D:1      | 0 ||| qw: Lair rune preference: random
     0 | D:1      | 0 ||| qw: Goals: Normal
     0 | D:1      | 0 ||| PLANNING D:1-11
   247 | D:1      | Reached XP level 2. HP: 16/16 MP: 4/4
   276 | D:1      | Reached skill level 6 in Ranged Weapons
   773 | D:1      | Found a faded altar of an unknown god.
   780 | D:1      | 780 ||| UPGRADING to amulet of the acrobat.
   785 | D:1      | 785 ||| READING 3 scrolls labelled TOS VIUCKECK.
   786 | D:1      | 786 ||| READING scroll labelled JOTUZ TASA.
   790 | D:1      | 790 ||| READING scroll labelled SOXYRGHIOLO.
   790 | D:1      | 790 ||| ENCHANTING +0 shortbow.
   791 | D:1      | 791 ||| DROPPING scroll of butterflies.
   792 | D:1      | 792 ||| DROPPING 2 scrolls of noise.
   824 | D:2      | Reached XP level 3. HP: 20/20 MP: 5/5
   824 | D:2      | Noticed Sigmund
   828 | D:2      | 828 ||| FLEEEEING.
   829 | D:2      | 829 ||| STAIRDANCE
   866 | D:2      | 866 ||| STAIRDANCE
   868 | D:1      | 868 ||| DRINKING fizzy inky potion.
   869 | D:1      | 869 ||| DRINKING dark potion.
   885 | D:2      | Killed Sigmund
   886 | D:2      | Reached skill level 9 in Ranged Weapons
   886 | D:2      | Reached XP level 4. HP: 13/25 MP: 6/6
   886 | D:2      | Reached XP level 5. HP: 15/29 MP: 7/7
  1031 | D:2      | Reached skill level 3 in Dodging
  1071 | D:2      | Identified the +1 robe of the Doomed God {Harm rElec rF-
                  | Regen+}
  1270 | D:2      | 1270 ||| UPGRADING to +2 robe.
  1280 | D:2      | 1280 ||| DROPPING +0 leather armour.
  1281 | D:2      | 1281 ||| DROPPING ring of wizardry.
  1347 | D:3      | Reached XP level 6. HP: 35/35 MP: 8/8
  1513 | D:3      | You fall into a shaft and drop 2 floors!
  1513 | D:5      | Entered Level 5 of the Dungeon
  1522 | D:5      | 1522 ||| PLANNING SEWER
  1811 | D:5      | Noticed a water moccasin
  1812 | D:5      | 1812 ||| RETREEEEATING.
  1815 | D:5      | Reached skill level 10 in Ranged Weapons
  1820 | D:5      | Killed a water moccasin
  1821 | D:5      | Reached XP level 7. HP: 31/40 MP: 9/9
  1950 | D:5      | Found a broken altar of Ashenzari.
  2175 | D:5      | 2175 ||| RIP SEWER
  2192 | D:5      | 2192 ||| PLANNING D:1-11
  2192 | D:5      | 2192 ||| UPGRADING to +0 ring mail.
  2202 | D:5      | 2202 ||| DROPPING +2 robe.
  2232 | D:4      | Noticed Edmund
  2242 | D:4      | HP: 4/40 [Edmund/+3 flail (11)]
  2243 | D:4      | 2243 ||| READING 2 scrolls of teleportation.
  2244 | D:4      | 2244 ||| DRINKING potion of heal wounds.
  2246 | D:4      | Noticed Ijyb
  2250 | D:4      | HP: 8/40 [adder (3)]
  2251 | D:4      | 2251 ||| READING scroll of teleportation.
  2251 | D:4      | HP: 2/40 [Ijyb/+0 dagger (4)]
  2254 | D:4      | Slain by Ijyb

Levels and vault maps discovered:
D:1:      eino_arrival_tree_alley, layout_loops_ring,
          nicolae_ecumenical_lake_church, wander_ebering_terrifying_dragon_lair
D:2:      layout_basic, uniq_sigmund
D:3:      layout_basic, serial_shops, shop, corexii_item_surrounded_by_moat,
          uniq_natasha
D:4:      minmay_general_purpose_star, layout_cave_pools,
          nicolae_uskayaw_en_pointe, uniq_edmund, uniq_ijyb
D:5:      layout_cave_pools, overflow_temple_1_default,
          cheibrodos_sewer_entry_bend, nicolae_wormholes

Skill      XL: |  1  2  3  4  5  6 |
---------------+-------------------+-----
Ranged Weapons | 6 9 10 | 10.9
Dodging        | 3 4 |  4.5
Fighting       | 2 |  2.0
Stealth        | |  1.2

Action                     |  1- 3 |  4- 6 |  7- 9 || total
---------------------------+-------+-------+-------++-------
   Fire: Shortbow          |    61 |   110 |    44 ||   215
    Use: Scroll            |     3 |       |     2 ||     5
         Potion            |     2 |       |     1 ||     3
 Armour: Leather armour    |    10 |     5 |       ||    15
         Robe              |       |    16 |     9 ||    25
         Ring mail         |       |       |    16 ||    16
  Dodge: Dodged            |    14 |    21 |    30 ||    65

Table legend:
 A = Non-vault XP
 B = Vault XP
 C = Vault XP percentage of total XP
 D = Non-vault monster count
 E = Vault monster count
 F = Vault count percentage of total count
                 A         B        C        D         E       F
            +---------+---------+-------+---------+---------+-------
      Total |     720 |     265 |  26.9 |      56 |       7 |  11.1
            +---------+---------+-------+---------+---------+-------
        D:1 |      27 |       1 |   3.6 |      15 |       1 |   6.2
        D:2 |      89 |     239 |  72.9 |      18 |       1 |   5.3
        D:3 |      28 |       0 |   0.0 |       8 |       0 |   0.0
        D:4 |      30 |       0 |   0.0 |       4 |       0 |   0.0
        D:5 |     546 |      25 |   4.4 |      11 |       5 |  31.2
            +---------+---------+-------+---------+---------+-------
